Demolitions vs Sasquatch
(R2)
Created - 18 février 2015 at 19:00
Goals
|
Demolitions |
0 |
2 |
5 |
0 |
2 |
7 |
Sasquatch |
2 |
0 |
5 |
0 |
3 |
8 |
|
Shots
|
Demolitions |
13 |
17 |
10 |
0 |
5 |
40 |
Sasquatch |
13 |
6 |
14 |
0 |
5 |
33 |
|
1st period
1. Sasquatch , Brandon Bochenski 16 (Kevin Porter) at 11:51
2. Sasquatch , Matt Frattin 11 (Keith Yandle, Josh Bailey) at 15:18
Penalties :
T.J. Hensick (Vic) for Holding (Minor) at 2:29, Oskar Osala (Gat) for Tripping (Minor) at 12:50, Robert Bortuzzo (Vic) for Hooking (Minor) at 18:23, Jake Gardiner (Gat) for Roughing (Minor) at 19:18
2nd period
3. Demolitions , Corban Knight 2 (Spencer Machacek, Petr Vrana) at 9:20
4. Demolitions , T.J. Hensick 36 (Daniel Paille, Anthony Stewart) at 9:46
Penalties :
D.J King (Gat) for Slashing (Minor) at 1:51, Keith Yandle (Gat) for Hooking (Minor) at 13:12, Nick Leddy (Gat) for Slashing (Minor) at 16:58
3rd period
5. Sasquatch , Jakub Voracek 33 (D.J King, Matt Niskanen) at 1:15
6. Demolitions , Konstantin Pushkarev 10 (Jordan LaVallee, Darren Helm) at 4:00
7. Sasquatch , Joe Corvo 8 (Matt Frattin, Josh Bailey) at 4:48
8. Demolitions , T.J. Hensick 37 (Anthony Stewart) at 4:52
9. Sasquatch , D.J King 35 (Jakub Voracek, Keith Yandle) at 6:00
10. Sasquatch , Tyler Johnson 7 (Oskar Osala) at 11:25
11. Demolitions , Doug Janik 11 (Petr Vrana, T.J. Hensick) at 11:47 (SH)
12. Demolitions , Anthony Stewart 31 (Daniel Paille, Robert Bortuzzo) at 14:34
13. Demolitions , Samuel Pahlsson 40 (Peter Harrold, Brad Richardson) at 17:11
14. Sasquatch , D.J King 36 (Jakub Voracek, Kevin Porter) at 19:14
Penalties :
T.J. Hensick (Vic) for Roughing (Minor) at 1:18, Peter Harrold (Vic) for Roughing (Double Minor) at 7:15, Jake Gardiner (Gat) for Hooking (Minor) at 8:45, Anthony Stewart (Vic) for Cross-checking (Minor) at 11:41
Overtime #1
No Goal
Penalties :
No Penalty
Shootout
Penalty Shot by T.J. Hensick for Demolitions - Shot Misses the Net
Penalty Shot by Cam Atkinson for Sasquatch - Goal!
Penalty Shot by Anthony Stewart for Demolitions - Goal!
Penalty Shot by Oskar Osala for Sasquatch - Stopped by Brent Krahn
Penalty Shot by Brad Richardson for Demolitions - Stopped by Anders Lindback
Penalty Shot by Joe Corvo for Sasquatch - Stopped by Brent Krahn
Penalty Shot by Daniel Paille for Demolitions - Goal!
Penalty Shot by Matt Frattin for Sasquatch - Goal!
Penalty Shot by Samuel Pahlsson for Demolitions - Stopped by Anders Lindback
Penalty Shot by Luke Adam for Sasquatch - Goal!
Penalties :
No Penalty
Goalie Stats
Brent Krahn (Vic), 26 saves from 33 shots - (0,788), OTL, 19-11-7, 65:00 minutes
Anders Lindback (Gat), 33 saves from 40 shots - (0,825), W, 14-15-2, 64:52 minutes
Players Stats for Demolitions
Player Name G A P +/- PIM S H SB GA TA FO MP PP MP PK MP
------------------------------------------------------------------------------------
Andrew Campbell 0 0 0 -2 0 1 0 0 0 0 0/0 9:34 0:00 0:27
Anthony Stewart 1 2 3 1 2 3 0 0 2 2 4/4 25:35 4:55 4:05
Anton Babchuk 0 0 0 0 0 4 1 0 0 0 0/0 24:30 4:11 4:13
Bobby Butler 0 0 0 1 0 3 1 0 0 0 0/0 13:41 3:31 0:00
Brad Richardson 0 1 1 0 0 3 2 0 0 0 1/3 17:02 3:31 1:19
Corban Knight 1 0 1 0 0 1 2 0 0 0 0/2 8:43 0:01 2:12
Daniel Paille 0 2 2 0 0 2 0 0 0 1 1/4 22:28 4:03 3:29
Darren Helm 0 1 1 -1 0 0 1 0 0 0 4/7 13:14 0:24 0:32
Doug Janik 1 0 1 1 0 2 2 0 1 0 0/0 31:07 4:40 4:31
Jordan LaVallee 0 1 1 -2 0 2 1 2 0 0 0/0 12:48 0:25 0:43
Konstantin Pushkarev 1 0 1 -2 0 1 1 0 0 0 0/1 10:08 0:25 0:00
Kyle Cumiskey 0 0 0 2 0 2 1 1 1 3 0/0 32:09 4:40 4:39
Peter Harrold 0 1 1 -1 4 3 3 1 1 3 0/0 22:16 4:11 2:49
Petr Vrana 0 2 2 1 0 2 0 0 0 0 1/2 9:34 0:00 2:24
Robert Bortuzzo 0 1 1 -1 2 1 1 1 0 0 0/0 11:25 0:52 1:05
Samuel Pahlsson 1 0 1 1 0 2 3 0 0 1 3/7 13:41 3:31 0:00
Spencer Machacek 0 1 1 0 0 2 0 0 0 0 0/0 6:23 0:00 0:00
T.J. Hensick 2 1 3 1 4 6 4 1 1 1 19/35 23:42 4:55 3:00
Players Stats for Sasquatch
Player Name G A P +/- PIM S H SB GA TA FO MP PP MP PK MP
------------------------------------------------------------------------------------
Brandon Bochenski 1 0 1 1 0 3 0 1 1 0 1/2 6:03 1:11 0:43
Cam Atkinson 0 0 0 0 0 0 1 0 1 0 0/0 6:30 0:00 0:00
D.J King 2 1 3 -2 2 6 2 1 1 1 1/3 26:39 4:27 3:45
Ian Cole 0 0 0 1 0 0 0 0 0 0 0/0 5:50 0:00 0:10
Jake Gardiner 0 0 0 0 4 4 2 1 1 0 0/0 30:39 5:53 4:53
Jakub Voracek 1 2 3 -1 0 3 1 0 3 0 1/3 21:28 4:30 0:17
Joe Corvo 1 0 1 0 0 2 2 2 1 1 0/0 33:50 5:28 5:06
Josh Bailey 0 2 2 0 0 0 0 0 0 0 0/0 9:58 0:27 0:00
Keith Yandle 0 2 2 0 2 1 0 1 0 2 0/0 20:07 0:27 2:52
Kevin Porter 0 2 2 0 0 2 1 0 0 1 13/25 19:36 4:12 0:19
Kyle Clifford 0 0 0 0 0 1 2 2 0 0 0/0 9:22 0:00 1:40
Luke Adam 0 0 0 1 0 0 1 0 0 0 1/1 7:14 0:00 0:00
Matt Frattin 1 1 2 1 0 4 0 0 0 0 0/0 11:42 0:53 2:52
Matt Niskanen 0 1 1 0 0 2 3 0 0 0 0/0 25:02 3:24 3:28
Nick Leddy 0 0 0 -1 2 0 1 0 1 0 0/0 14:32 2:57 0:56
Oskar Osala 0 1 1 1 2 2 2 0 2 0 0/0 17:17 3:52 2:08
Stephane Da Costa 0 0 0 0 0 2 1 0 0 1 4/7 17:18 2:45 1:37
Tyler Johnson 1 0 1 -1 0 1 4 1 0 0 11/24 24:53 3:52 4:38
3 Stars
1 - T.J. Hensick (Vic)
2 - D.J King (Gat)
3 - Jakub Voracek (Gat)
Power Play
Demolitions - 0 on 6 Attempt(s) - 0,00%
Sasquatch - 0 on 6 Attempt(s) - 0,00%
Penalty Kill
Demolitions - 6 on 6 Attempt(s) - 100,00%
- Score 1 goal in Penalty Kill
Sasquatch - 6 on 6 Attempt(s) - 100,00%
- Score 0 goal in Penalty Kill
Team Stat
Demolitions - Hits : 23 - Faceoff Wins : 33 - Blocked Shots : 6 - Penalty Minutes : 12
Sasquatch - Hits : 23 - Faceoff Wins : 32 - Blocked Shots : 9 - Penalty Minutes : 12
Official
Referees : Charron Francis and L'Ecuyer Frederick
Linesman : Jean Morin and Derek Nansen
Game Notes
Brandon Bochenski is injured at 1:29 of 2nd period (Sprained Right Knee)
Ian Cole is injured at 6:34 of 2nd period (Right Leg)
Finance
Level 1 -- Attendance: 1369 (68,45%) -- Ticket Income 47 915 $
Level 2 -- Attendance: 737 (73,70%) -- Ticket Income 11 055 $
Total Attendance: 2106 (70,20%)
Total Ticket Income: 58 970 $
Other Income: 2 948 $
Total Income: 61 918 $
Demolitions
5 vs 5 Forward
Center Left Wing Right Wing Time % Phy DF OF
1 T.J. Hensick Daniel Paille Anthony Stewart 40 1 2 2
2 Samuel Pahlsson Bobby Butler Brad Richardson 30 1 2 2
3 Darren Helm Jordan LaVallee Konstantin Pushkarev 20 1 2 2
4 Corban Knight Petr Vrana Spencer Machacek 10 1 2 2
5 vs 5 Defense
Defense Defense Time % Phy DF OF
1 Kyle Cumiskey Doug Janik 40 1 2 2
2 Anton Babchuk Peter Harrold 30 1 2 2
3 Andrew Campbell Robert Bortuzzo 20 1 2 2
4 Kyle Cumiskey Doug Janik 10 1 2 2
PowerPlay Forward
Center Left Wing Right Wing Time % Phy DF OF
1 T.J. Hensick Daniel Paille Anthony Stewart 60 1 2 2
2 Samuel Pahlsson Bobby Butler Brad Richardson 40 1 2 2
PowerPlay Defense
Defense Defense Time % Phy DF OF
1 Kyle Cumiskey Doug Janik 60 1 2 2
2 Anton Babchuk Peter Harrold 40 1 2 2
Penalty Kill 4 Players Forward
Center Wing Time % Phy DF OF
1 T.J. Hensick Anthony Stewart 60 1 2 2
2 Brad Richardson Daniel Paille 40 1 2 2
Penalty Kill 4 Players Defense
Defense Defense Time % Phy DF OF
1 Kyle Cumiskey Doug Janik 60 1 2 2
2 Anton Babchuk Peter Harrold 40 1 2 2
Penalty Kill - 3 Players Forward
Forward Time % Phy DF OF
1 T.J. Hensick 60 1 2 2
2 Anthony Stewart 40 1 2 2
Penalty Kill - 3 Players Defense
Defense Defense Time % Phy DF OF
1 Kyle Cumiskey Doug Janik 60 1 2 2
2 Anton Babchuk Peter Harrold 40 1 2 2
4 vs 4 Forward
Center Wing Time % Phy DF OF
1 T.J. Hensick Anthony Stewart 60 1 2 2
2 Brad Richardson Daniel Paille 40 1 2 2
4 vs 4 Defense
Defense Defense Time % Phy DF OF
1 Kyle Cumiskey Doug Janik 60 1 2 2
2 Anton Babchuk Peter Harrold 40 1 2 2
Last Minutes Offensive
Center Left Wing Right Wing Defense Defense
T.J. Hensick Daniel Paille Anthony Stewart Kyle Cumiskey Doug Janik
Last Minutes Defensive
Center Left Wing Right Wing Defense Defense
T.J. Hensick Daniel Paille Anthony Stewart Kyle Cumiskey Doug Janik
Goaltenders
Starting : Brent Krahn
Backup : Chad Johnson
Extra Forwards
Normal : Darren Helm, Jordan LaVallee, Petr Vrana - PP : Darren Helm, Jordan LaVallee - PK : Petr Vrana
Extra Defensemen
Normal : Andrew Campbell, Robert Bortuzzo, Anton Babchuk - PP : Andrew Campbell - PK : Robert Bortuzzo, Anton Babchuk
Penalty Shots
T.J. Hensick, Anthony Stewart, Brad Richardson, Daniel Paille, Samuel Pahlsson
Sasquatch
5 vs 5 Forward
Center Left Wing Right Wing Time % Phy DF OF
1 Tyler Johnson D.J King Jakub Voracek 40 1 2 2
2 Kevin Porter Oskar Osala Brandon Bochenski 30 1 2 2
3 Stephane Da Costa Kyle Clifford Cam Atkinson 20 1 2 2
4 Luke Adam Josh Bailey Matt Frattin 10 1 2 2
5 vs 5 Defense
Defense Defense Time % Phy DF OF
1 Joe Corvo Jake Gardiner 40 1 2 2
2 Matt Niskanen Keith Yandle 30 1 2 2
3 Ian Cole Nick Leddy 20 1 2 2
4 Joe Corvo Jake Gardiner 10 1 2 2
PowerPlay Forward
Center Left Wing Right Wing Time % Phy DF OF
1 Kevin Porter D.J King Jakub Voracek 60 1 2 2
2 Tyler Johnson Oskar Osala Brandon Bochenski 40 1 2 2
PowerPlay Defense
Defense Defense Time % Phy DF OF
1 Joe Corvo Jake Gardiner 60 1 2 2
2 Matt Niskanen Nick Leddy 40 1 2 2
Penalty Kill 4 Players Forward
Center Wing Time % Phy DF OF
1 Tyler Johnson D.J King 60 1 2 2
2 Brandon Bochenski Oskar Osala 40 1 2 2
Penalty Kill 4 Players Defense
Defense Defense Time % Phy DF OF
1 Joe Corvo Jake Gardiner 60 1 2 2
2 Matt Niskanen Keith Yandle 40 1 2 2
Penalty Kill - 3 Players Forward
Forward Time % Phy DF OF
1 Tyler Johnson 60 1 2 2
2 D.J King 40 1 2 2
Penalty Kill - 3 Players Defense
Defense Defense Time % Phy DF OF
1 Joe Corvo Jake Gardiner 60 1 2 2
2 Matt Niskanen Keith Yandle 40 1 2 2
4 vs 4 Forward
Center Wing Time % Phy DF OF
1 Kevin Porter D.J King 60 1 2 2
2 Tyler Johnson Jakub Voracek 40 1 2 2
4 vs 4 Defense
Defense Defense Time % Phy DF OF
1 Joe Corvo Jake Gardiner 60 1 2 2
2 Matt Niskanen Keith Yandle 40 1 2 2
Last Minutes Offensive
Center Left Wing Right Wing Defense Defense
Kevin Porter D.J King Jakub Voracek Joe Corvo Jake Gardiner
Last Minutes Defensive
Center Left Wing Right Wing Defense Defense
Tyler Johnson D.J King Jakub Voracek Joe Corvo Jake Gardiner
Goaltenders
Starting : Anders Lindback
Backup : Marek Schwarz
Extra Forwards
Normal : Brandon Bochenski, Stephane Da Costa, Josh Bailey - PP : Brandon Bochenski, Stephane Da Costa - PK : Matt Frattin
Extra Defensemen
Normal : Ian Cole, Nick Leddy, Matt Niskanen - PP : Ian Cole - PK : Nick Leddy, Matt Niskanen
Penalty Shots
Cam Atkinson, Oskar Osala, Brandon Bochenski, Joe Corvo, Matt Frattin
% Time on Ice - Demolitions
Lines # - Real PCT - Wanted PCT - Time Play
Normal Forward
1 - 32% - 40% - 12:34
2 - 27% - 30% - 10:23
3 - 25% - 20% - 9:39
4 - 16% - 10% - 6:23
Normal Defense
1 - 45% - 40% - 17:24
2 - 34% - 30% - 13:18
3 - 19% - 20% - 7:35
4 - 2% - 10% - 0:42
PP Forward
1 - 56% - 60% - 4:56
2 - 44% - 40% - 3:55
PP Defense
1 - 53% - 60% - 4:40
2 - 47% - 40% - 4:11
PK Forward
1 - 85% - 60% - 7:33
2 - 15% - 40% - 1:19
PK Defense
1 - 52% - 60% - 4:39
2 - 48% - 40% - 4:13
PK3 Forward
1 - 0% - 60%
2 - 0% - 40%
PK3 Defense
1 - 0% - 60%
2 - 0% - 40%
44 Forward
1 - 77% - 60% - 6:12
2 - 23% - 40% - 1:51
44 Defense
1 - 59% - 60% - 4:47
2 - 41% - 40% - 3:16
Last Minute Offensive - 0:00
Last Minute Defensive - 0:15
Total
Forward - 65:00
Defense - 65:00
|
% Time on Ice - Sasquatch
Lines # - Real PCT - Wanted PCT - Time Play
Normal Forward
1 - 36% - 40% - 14:01
2 - 28% - 30% - 11:03
3 - 17% - 20% - 6:30
4 - 19% - 10% - 7:14
Normal Defense
1 - 44% - 40% - 16:56
2 - 33% - 30% - 12:39
3 - 23% - 20% - 8:44
4 - 1% - 10% - 0:29
PP Forward
1 - 53% - 60% - 4:42
2 - 47% - 40% - 4:10
PP Defense
1 - 62% - 60% - 5:28
2 - 38% - 40% - 3:24
PK Forward
1 - 68% - 60% - 6:03
2 - 32% - 40% - 2:48
PK Defense
1 - 58% - 60% - 5:06
2 - 42% - 40% - 3:45
PK3 Forward
1 - 0% - 60%
2 - 0% - 40%
PK3 Defense
1 - 0% - 60%
2 - 0% - 40%
44 Forward
1 - 79% - 60% - 6:21
2 - 21% - 40% - 1:42
44 Defense
1 - 59% - 60% - 4:43
2 - 41% - 40% - 3:20
Last Minute Offensive - 0:26
Last Minute Defensive - 0:00
Total
Forward - 65:00
Defense - 65:00
|
Play by Play
1st period
0:01 of 1st period - Tyler Johnson wins face-off versus T.J. Hensick in neutral zone.
0:26 of 1st period - Kyle Cumiskey is hit by Joe Corvo and loses puck.
0:31 of 1st period - Snap shot by Brandon Bochenski.
0:31 of 1st period - Stopped by Brent Krahn with a rebound.
0:35 of 1st period - Snap shot by Oskar Osala.
0:35 of 1st period - Stopped by Brent Krahn with a rebound.
1:24 of 1st period - Darren Helm is hit by Kyle Clifford and loses puck.
1:35 of 1st period - Tyler Johnson is hit by T.J. Hensick and loses puck.
2:20 of 1st period - Wrist shot by Matt Frattin.
2:20 of 1st period - Shot Blocked by Jordan LaVallee.
2:22 of 1st period - Snap shot by Matt Frattin.
2:22 of 1st period - Stopped by Brent Krahn without a rebound.
2:23 of 1st period - Luke Adam wins face-off versus T.J. Hensick in Demolitions zone.
2:29 of 1st period - Minor Penalty to T.J. Hensick for Holding.
2:30 of 1st period - Kevin Porter wins face-off versus Petr Vrana in Demolitions zone.
2:30 of 1st period - Slapshot by Jakub Voracek.
2:30 of 1st period - Shot Blocked by Kyle Cumiskey.
2:46 of 1st period - Jakub Voracek is hit by Doug Janik and loses puck.
4:26 of 1st period - Anton Babchuk is hit by Jake Gardiner and loses puck.
4:29 of 1st period - Penalty to T.J. Hensick is over, T.J. Hensick is back on ice.
5:05 of 1st period - Wrist shot by Matt Frattin.
5:05 of 1st period - Deflect By Josh Bailey.
5:05 of 1st period - Shot Blocked by Jordan LaVallee.
5:05 of 1st period - Puck is out of play.
5:06 of 1st period - Brad Richardson wins face-off versus Stephane Da Costa in Demolitions zone.
5:34 of 1st period - Wrist shot by Jordan LaVallee.
5:34 of 1st period - Stopped by Anders Lindback with a rebound.
5:36 of 1st period - Snap shot by Jordan LaVallee.
5:36 of 1st period - Stopped by Anders Lindback without a rebound.
5:37 of 1st period - Kevin Porter wins face-off versus Daniel Paille in Sasquatch zone.
5:37 of 1st period - Kevin Porter is hit by T.J. Hensick.
6:16 of 1st period - Doug Janik is hit by Tyler Johnson and loses puck.
6:53 of 1st period - Wrist shot by Samuel Pahlsson.
6:53 of 1st period - Shot Misses the Net.
6:55 of 1st period - Slapshot by Kyle Cumiskey.
6:55 of 1st period - Stopped by Anders Lindback with a rebound.
7:05 of 1st period - Snap shot by Bobby Butler.
7:05 of 1st period - Shot Blocked by D.J King.
7:07 of 1st period - Wrist shot by Bobby Butler.
7:07 of 1st period - Shot Misses the Net.
7:25 of 1st period - Snap shot by Brad Richardson.
7:25 of 1st period - Stopped by Anders Lindback without a rebound.
7:26 of 1st period - Anthony Stewart wins face-off versus Kevin Porter in Sasquatch zone.
7:27 of 1st period - Wrist shot by T.J. Hensick.
7:27 of 1st period - Stopped by Anders Lindback without a rebound.
7:28 of 1st period - Kevin Porter wins face-off versus T.J. Hensick in Sasquatch zone.
7:33 of 1st period - Snap shot by T.J. Hensick.
7:33 of 1st period - Stopped by Anders Lindback with a rebound.
7:35 of 1st period - Slapshot by Anthony Stewart.
7:35 of 1st period - Stopped by Anders Lindback with a rebound.
7:37 of 1st period - Slapshot by Anton Babchuk.
7:37 of 1st period - Stopped by Anders Lindback without a rebound.
7:38 of 1st period - T.J. Hensick wins face-off versus Brandon Bochenski in Sasquatch zone.
8:36 of 1st period - Snap shot by Cam Atkinson.
8:36 of 1st period - Shot Misses the Net.
8:38 of 1st period - Snap shot by Keith Yandle.
8:38 of 1st period - Stopped by Brent Krahn with a rebound.
8:40 of 1st period - Slapshot by Keith Yandle.
8:40 of 1st period - Shot Blocked by Robert Bortuzzo.
8:57 of 1st period - Snap shot by Oskar Osala.
8:57 of 1st period - Shot Misses the Net.
9:25 of 1st period - Icing by Anton Babchuk.
9:26 of 1st period - Darren Helm wins face-off versus Stephane Da Costa in Demolitions zone.
10:08 of 1st period - Icing by Joe Corvo.
10:09 of 1st period - Kevin Porter wins face-off versus T.J. Hensick in Sasquatch zone.
10:16 of 1st period - Wrist shot by T.J. Hensick.
10:16 of 1st period - Shot Misses the Net.
11:05 of 1st period - Snap shot by Jake Gardiner.
11:05 of 1st period - Stopped by Brent Krahn with a rebound.
11:09 of 1st period - Wrist shot by Stephane Da Costa.
11:09 of 1st period - Stopped by Brent Krahn with a rebound.
11:29 of 1st period - Snap shot by Matt Frattin.
11:29 of 1st period - Stopped by Brent Krahn with a rebound.
11:40 of 1st period - Off-side.
11:41 of 1st period - Darren Helm wins face-off versus Kevin Porter in neutral zone.
11:51 of 1st period - Slapshot by Brandon Bochenski.
11:51 of 1st period - Goal by Brandon Bochenski - Demolitions : 0 - Sasquatch : 1.
11:52 of 1st period - T.J. Hensick wins face-off versus Tyler Johnson in neutral zone.
12:19 of 1st period - Kyle Cumiskey is hit by D.J King and loses puck.
12:26 of 1st period - Snap shot by D.J King.
12:26 of 1st period - Stopped by Brent Krahn with a rebound.
12:28 of 1st period - Snap shot by D.J King.
12:28 of 1st period - Deflect By Jakub Voracek.
12:28 of 1st period - Stopped by Brent Krahn without a rebound.
12:29 of 1st period - Samuel Pahlsson wins face-off versus Kevin Porter in Demolitions zone.
12:34 of 1st period - Slapshot by Brad Richardson.
12:34 of 1st period - Stopped by Anders Lindback with a rebound.
12:50 of 1st period - Minor Penalty to Oskar Osala for Tripping.
12:51 of 1st period - T.J. Hensick wins face-off versus Tyler Johnson in Sasquatch zone.
14:50 of 1st period - Penalty to Oskar Osala is over, Oskar Osala is back on ice.
14:56 of 1st period - Anthony Stewart is hit by Oskar Osala and loses puck.
15:03 of 1st period - Tyler Johnson is hit by Peter Harrold and loses puck.
15:16 of 1st period - Slapshot by Keith Yandle.
15:16 of 1st period - Shot Misses the Net.
15:18 of 1st period - Slapshot by Matt Frattin.
15:18 of 1st period - Goal by Matt Frattin - Demolitions : 0 - Sasquatch : 2.
15:19 of 1st period - Kevin Porter wins face-off versus Samuel Pahlsson in neutral zone.
15:24 of 1st period - Slapshot by Kevin Porter.
15:24 of 1st period - Shot Misses the Net.
15:26 of 1st period - Snap shot by Brandon Bochenski.
15:26 of 1st period - Stopped by Brent Krahn without a rebound.
15:27 of 1st period - Samuel Pahlsson wins face-off versus Kevin Porter in Demolitions zone.
15:56 of 1st period - Slapshot by D.J King.
15:56 of 1st period - Shot Blocked by T.J. Hensick.
17:47 of 1st period - Snap shot by Petr Vrana.
17:47 of 1st period - Stopped by Anders Lindback without a rebound.
17:48 of 1st period - Samuel Pahlsson wins face-off versus Tyler Johnson in Sasquatch zone.
17:49 of 1st period - Wrist shot by Brad Richardson.
17:49 of 1st period - Shot Misses the Net.
17:51 of 1st period - Slapshot by Andrew Campbell.
17:51 of 1st period - Stopped by Anders Lindback without a rebound.
17:52 of 1st period - Tyler Johnson wins face-off versus Samuel Pahlsson in Sasquatch zone.
17:57 of 1st period - Wrist shot by Bobby Butler.
17:57 of 1st period - Shot Blocked by Joe Corvo.
17:59 of 1st period - Snap shot by Brad Richardson.
17:59 of 1st period - Stopped by Anders Lindback with a rebound.
18:07 of 1st period - Snap shot by Bobby Butler.
18:07 of 1st period - Shot Blocked by Jake Gardiner.
18:23 of 1st period - Minor Penalty to Robert Bortuzzo for Hooking.
18:24 of 1st period - Kevin Porter wins face-off versus T.J. Hensick in Demolitions zone.
18:38 of 1st period - Snap shot by Kevin Porter.
18:38 of 1st period - Stopped by Brent Krahn without a rebound.
18:39 of 1st period - T.J. Hensick wins face-off versus Kevin Porter in Demolitions zone.
19:16 of 1st period - Slapshot by Daniel Paille.
19:16 of 1st period - Shot Misses the Net.
19:18 of 1st period - Minor Penalty to Jake Gardiner for Roughing.
19:19 of 1st period - T.J. Hensick wins face-off versus D.J King in Sasquatch zone.
19:24 of 1st period - Wrist shot by T.J. Hensick.
19:24 of 1st period - Stopped by Anders Lindback without a rebound.
19:25 of 1st period - Kevin Porter wins face-off versus T.J. Hensick in Sasquatch zone.
Goals for this period are 0 for Demolitions vs 2 for Sasquatch.
Shots for this period are 13 for Demolitions vs 13 for Sasquatch.
2nd period
0:01 of 2nd period - Kevin Porter wins face-off versus T.J. Hensick in neutral zone.
0:08 of 2nd period - Wrist shot by D.J King.
0:08 of 2nd period - Stopped by Brent Krahn with a rebound.
0:23 of 2nd period - Penalty to Robert Bortuzzo is over, Robert Bortuzzo is back on ice.
0:26 of 2nd period - Kyle Cumiskey is hit by D.J King and loses puck.
0:51 of 2nd period - Tyler Johnson is hit by T.J. Hensick and loses puck.
1:14 of 2nd period - Snap shot by Anthony Stewart.
1:14 of 2nd period - Stopped by Anders Lindback without a rebound.
1:15 of 2nd period - Brandon Bochenski wins face-off versus Samuel Pahlsson in Sasquatch zone.
1:15 of 2nd period - Brandon Bochenski is hit by Samuel Pahlsson.
1:18 of 2nd period - Penalty to Jake Gardiner is over, Jake Gardiner is back on ice.
1:27 of 2nd period - Snap shot by Brad Richardson.
1:27 of 2nd period - Shot Misses the Net.
1:29 of 2nd period - Snap shot by Samuel Pahlsson.
1:29 of 2nd period - Deflect By Joe Corvo.
1:29 of 2nd period - Shot Blocked by Brandon Bochenski.
1:29 of 2nd period - Brandon Bochenski from Sasquatch is injured at 1:29 of 2nd period (Sprained Right Knee).
1:30 of 2nd period - T.J. Hensick wins face-off versus Tyler Johnson in Sasquatch zone.
1:43 of 2nd period - Wrist shot by T.J. Hensick.
1:43 of 2nd period - Shot Misses the Net.
1:45 of 2nd period - Wrist shot by Daniel Paille.
1:45 of 2nd period - Stopped by Anders Lindback with a rebound.
1:51 of 2nd period - Minor Penalty to D.J King for Slashing.
1:52 of 2nd period - T.J. Hensick wins face-off versus Tyler Johnson in Sasquatch zone.
3:32 of 2nd period - Kevin Porter is hit by Peter Harrold and loses puck.
3:41 of 2nd period - Slapshot by Anton Babchuk.
3:41 of 2nd period - Shot Blocked by Kyle Clifford.
3:51 of 2nd period - Penalty to D.J King is over, D.J King is back on ice.
4:07 of 2nd period - Slapshot by Jake Gardiner.
4:07 of 2nd period - Stopped by Brent Krahn with a rebound.
5:07 of 2nd period - Wrist shot by Peter Harrold.
5:07 of 2nd period - Stopped by Anders Lindback with a rebound.
5:33 of 2nd period - Kevin Porter is hit by Bobby Butler and loses puck.
5:58 of 2nd period - Snap shot by Petr Vrana.
5:58 of 2nd period - Stopped by Anders Lindback with a rebound.
6:10 of 2nd period - Stephane Da Costa is hit by Konstantin Pushkarev and loses puck.
6:33 of 2nd period - Ian Cole is hit by Samuel Pahlsson and loses puck.
6:34 of 2nd period - Ian Cole from Sasquatch is injured at 6:34 of 2nd period (Right Leg).
6:35 of 2nd period - Tyler Johnson wins face-off versus T.J. Hensick in Sasquatch zone.
6:40 of 2nd period - Snap shot by T.J. Hensick.
6:40 of 2nd period - Shot Misses the Net.
7:05 of 2nd period - Snap shot by Brad Richardson.
7:05 of 2nd period - Shot Misses the Net.
7:45 of 2nd period - Wrist shot by Kyle Clifford.
7:45 of 2nd period - Shot Blocked by Peter Harrold.
7:47 of 2nd period - Snap shot by Kyle Clifford.
7:47 of 2nd period - Stopped by Brent Krahn without a rebound.
7:48 of 2nd period - Stephane Da Costa wins face-off versus Corban Knight in Demolitions zone.
7:57 of 2nd period - Cam Atkinson is hit by Corban Knight and loses puck.
8:32 of 2nd period - Slapshot by Bobby Butler.
8:32 of 2nd period - Stopped by Anders Lindback with a rebound.
8:34 of 2nd period - Slapshot by Robert Bortuzzo.
8:34 of 2nd period - Stopped by Anders Lindback with a rebound.
8:36 of 2nd period - Slapshot by Anton Babchuk.
8:36 of 2nd period - Deflect By Bobby Butler.
8:36 of 2nd period - Stopped by Anders Lindback with a rebound.
8:38 of 2nd period - Backhand shot by Bobby Butler.
8:38 of 2nd period - Stopped by Anders Lindback with a rebound.
8:40 of 2nd period - Wrist shot by Peter Harrold.
8:40 of 2nd period - Stopped by Anders Lindback with a rebound.
8:42 of 2nd period - Slapshot by Anton Babchuk.
8:42 of 2nd period - Deflect By Samuel Pahlsson.
8:42 of 2nd period - Stopped by Anders Lindback with a rebound.
8:44 of 2nd period - Wrist shot by Kyle Cumiskey.
8:44 of 2nd period - Stopped by Anders Lindback with a rebound.
8:58 of 2nd period - Snap shot by Josh Bailey.
8:58 of 2nd period - Shot Misses the Net.
9:00 of 2nd period - Slapshot by Josh Bailey.
9:00 of 2nd period - Shot Misses the Net.
9:02 of 2nd period - Slapshot by Joe Corvo.
9:02 of 2nd period - Stopped by Brent Krahn with a rebound.
9:18 of 2nd period - Snap shot by Spencer Machacek.
9:18 of 2nd period - Stopped by Anders Lindback with a rebound.
9:20 of 2nd period - Wrist shot by Corban Knight.
9:20 of 2nd period - Goal by Corban Knight - Demolitions : 1 - Sasquatch : 2.
9:21 of 2nd period - T.J. Hensick wins face-off versus Jakub Voracek in neutral zone.
9:30 of 2nd period - Snap shot by T.J. Hensick.
9:30 of 2nd period - Stopped by Anders Lindback with a rebound.
9:32 of 2nd period - Snap shot by Anton Babchuk.
9:32 of 2nd period - Stopped by Anders Lindback with a rebound.
9:34 of 2nd period - Slapshot by Anton Babchuk.
9:34 of 2nd period - Stopped by Anders Lindback without a rebound.
9:35 of 2nd period - T.J. Hensick wins face-off versus Tyler Johnson in Sasquatch zone.
9:46 of 2nd period - Wrist shot by T.J. Hensick.
9:46 of 2nd period - Goal by T.J. Hensick - Demolitions : 2 - Sasquatch : 2.
9:47 of 2nd period - Jakub Voracek wins face-off versus T.J. Hensick in neutral zone.
9:56 of 2nd period - Snap shot by Anthony Stewart.
9:56 of 2nd period - Shot Blocked by Tyler Johnson.
10:04 of 2nd period - Doug Janik is hit by Tyler Johnson and loses puck.
10:19 of 2nd period - Oskar Osala is hit by Samuel Pahlsson and loses puck.
10:50 of 2nd period - Anton Babchuk is hit by Stephane Da Costa and loses puck.
11:35 of 2nd period - Slapshot by Matt Niskanen.
11:35 of 2nd period - Stopped by Brent Krahn without a rebound.
11:36 of 2nd period - Anthony Stewart wins face-off versus Tyler Johnson in Demolitions zone.
11:36 of 2nd period - Anthony Stewart is hit by Matt Niskanen.
11:48 of 2nd period - Snap shot by D.J King.
11:48 of 2nd period - Stopped by Brent Krahn without a rebound.
11:49 of 2nd period - T.J. Hensick wins face-off versus Tyler Johnson in Demolitions zone.
11:49 of 2nd period - T.J. Hensick is hit by Tyler Johnson.
12:15 of 2nd period - Keith Yandle is hit by Brad Richardson and loses puck.
13:12 of 2nd period - Minor Penalty to Keith Yandle for Hooking.
13:13 of 2nd period - T.J. Hensick wins face-off versus Tyler Johnson in Sasquatch zone.
15:12 of 2nd period - Penalty to Keith Yandle is over, Keith Yandle is back on ice.
16:09 of 2nd period - Konstantin Pushkarev is hit by Cam Atkinson and loses puck.
16:58 of 2nd period - Minor Penalty to Nick Leddy for Slashing.
16:59 of 2nd period - Tyler Johnson wins face-off versus T.J. Hensick in Sasquatch zone.
17:08 of 2nd period - Joe Corvo is hit by T.J. Hensick and loses puck.
17:13 of 2nd period - Backhand shot by T.J. Hensick.
17:13 of 2nd period - Shot Misses the Net.
17:33 of 2nd period - Joe Corvo is hit by Brad Richardson.
17:39 of 2nd period - Slapshot by Keith Yandle.
17:39 of 2nd period - Shot Misses the Net.
18:58 of 2nd period - Penalty to Nick Leddy is over, Nick Leddy is back on ice.
19:58 of 2nd period - Brad Richardson is hit by Jake Gardiner and loses puck.
Goals for this period are 2 for Demolitions vs 0 for Sasquatch.
Shots for this period are 17 for Demolitions vs 6 for Sasquatch.
3rd period
0:01 of 3rd period - Tyler Johnson wins face-off versus Daniel Paille in neutral zone.
0:12 of 3rd period - Snap shot by D.J King.
0:12 of 3rd period - Stopped by Brent Krahn with a rebound.
0:26 of 3rd period - Jake Gardiner is hit by Kyle Cumiskey.
0:57 of 3rd period - Snap shot by Spencer Machacek.
0:57 of 3rd period - Stopped by Anders Lindback with a rebound.
0:59 of 3rd period - Slapshot by Peter Harrold.
0:59 of 3rd period - Stopped by Anders Lindback without a rebound.
1:00 of 3rd period - T.J. Hensick wins face-off versus Tyler Johnson in Sasquatch zone.
1:01 of 3rd period - Wrist shot by Daniel Paille.
1:01 of 3rd period - Shot Blocked by Keith Yandle.
1:15 of 3rd period - Slapshot by Jakub Voracek.
1:15 of 3rd period - Goal by Jakub Voracek - Demolitions : 2 - Sasquatch : 3.
1:16 of 3rd period - Anthony Stewart wins face-off versus Tyler Johnson in neutral zone.
1:18 of 3rd period - Minor Penalty to T.J. Hensick for Roughing.
1:19 of 3rd period - Petr Vrana wins face-off versus Kevin Porter in Demolitions zone.
1:45 of 3rd period - Tyler Johnson is hit by Doug Janik and loses puck.
2:34 of 3rd period - Anthony Stewart is hit by Oskar Osala and loses puck.
3:13 of 3rd period - Joe Corvo is hit by Darren Helm and loses puck.
3:18 of 3rd period - Penalty to T.J. Hensick is over, T.J. Hensick is back on ice.
3:34 of 3rd period - Slapshot by Brad Richardson.
3:34 of 3rd period - Shot Misses the Net.
3:46 of 3rd period - Petr Vrana is hit by Luke Adam and loses puck.
3:56 of 3rd period - Icing by Keith Yandle.
3:57 of 3rd period - Darren Helm wins face-off versus Kevin Porter in Sasquatch zone.
4:00 of 3rd period - Wrist shot by Konstantin Pushkarev.
4:00 of 3rd period - Goal by Konstantin Pushkarev - Demolitions : 3 - Sasquatch : 3.
4:01 of 3rd period - Tyler Johnson wins face-off versus T.J. Hensick in neutral zone.
4:48 of 3rd period - Slapshot by Joe Corvo.
4:48 of 3rd period - Goal by Joe Corvo - Demolitions : 3 - Sasquatch : 4.
4:49 of 3rd period - T.J. Hensick wins face-off versus Tyler Johnson in neutral zone.
4:52 of 3rd period - Snap shot by T.J. Hensick.
4:52 of 3rd period - Goal by T.J. Hensick - Demolitions : 4 - Sasquatch : 4.
4:53 of 3rd period - Daniel Paille wins face-off versus Jakub Voracek in neutral zone.
5:43 of 3rd period - Wrist shot by Matt Frattin.
5:43 of 3rd period - Stopped by Brent Krahn with a rebound.
5:50 of 3rd period - Off-side.
5:51 of 3rd period - Tyler Johnson wins face-off versus Corban Knight in neutral zone.
6:00 of 3rd period - Snap shot by D.J King.
6:00 of 3rd period - Goal by D.J King - Demolitions : 4 - Sasquatch : 5.
6:01 of 3rd period - Tyler Johnson wins face-off versus T.J. Hensick in neutral zone.
6:06 of 3rd period - Snap shot by Jakub Voracek.
6:06 of 3rd period - Shot Misses the Net.
7:13 of 3rd period - Anton Babchuk is hit by Kyle Clifford and loses puck.
7:15 of 3rd period - Double Minor Penalty to Peter Harrold for Roughing.
7:16 of 3rd period - Kevin Porter wins face-off versus T.J. Hensick in Demolitions zone.
7:21 of 3rd period - Wrist shot by Kevin Porter.
7:21 of 3rd period - Shot Misses the Net.
7:48 of 3rd period - Off-side.
7:49 of 3rd period - Kevin Porter wins face-off versus Brad Richardson in neutral zone.
8:45 of 3rd period - Minor Penalty to Jake Gardiner for Hooking.
8:46 of 3rd period - T.J. Hensick wins face-off versus Kevin Porter in Sasquatch zone.
9:01 of 3rd period - Slapshot by Kevin Porter.
9:01 of 3rd period - Stopped by Brent Krahn with a rebound.
9:27 of 3rd period - Keith Yandle is hit by Anton Babchuk and loses puck.
9:34 of 3rd period - Andrew Campbell is hit by Matt Niskanen and loses puck.
9:48 of 3rd period - Icing by Nick Leddy.
9:49 of 3rd period - T.J. Hensick wins face-off versus Kevin Porter in Sasquatch zone.
10:45 of 3rd period - Penalty to Jake Gardiner is over, Jake Gardiner is back on ice.
11:03 of 3rd period - Slapshot by Matt Niskanen.
11:03 of 3rd period - Shot Misses the Net.
11:11 of 3rd period - Wrist shot by Jake Gardiner.
11:11 of 3rd period - Stopped by Brent Krahn without a rebound.
11:12 of 3rd period - Tyler Johnson wins face-off versus Daniel Paille in Demolitions zone.
11:15 of 3rd period - Penalty to Peter Harrold is over, Peter Harrold is back on ice.
11:25 of 3rd period - Backhand shot by Tyler Johnson.
11:25 of 3rd period - Goal by Tyler Johnson - Demolitions : 4 - Sasquatch : 6.
11:26 of 3rd period - Anthony Stewart wins face-off versus Tyler Johnson in neutral zone.
11:41 of 3rd period - Minor Penalty to Anthony Stewart for Cross-checking.
11:42 of 3rd period - T.J. Hensick wins face-off versus Kevin Porter in Demolitions zone.
11:42 of 3rd period - T.J. Hensick is hit by Jakub Voracek.
11:47 of 3rd period - Slapshot by Doug Janik.
11:47 of 3rd period - Goal by Doug Janik - Demolitions : 5 - Sasquatch : 6.
11:48 of 3rd period - Kevin Porter wins face-off versus T.J. Hensick in neutral zone.
11:53 of 3rd period - Wrist shot by Kevin Porter.
11:53 of 3rd period - Shot Misses the Net.
12:28 of 3rd period - Snap shot by Oskar Osala.
12:28 of 3rd period - Deflect By T.J. Hensick.
12:28 of 3rd period - Stopped by Brent Krahn with a rebound.
13:41 of 3rd period - Penalty to Anthony Stewart is over, Anthony Stewart is back on ice.
14:34 of 3rd period - Wrist shot by Anthony Stewart.
14:34 of 3rd period - Goal by Anthony Stewart - Demolitions : 6 - Sasquatch : 6.
14:35 of 3rd period - Tyler Johnson wins face-off versus Samuel Pahlsson in neutral zone.
15:06 of 3rd period - Snap shot by Petr Vrana.
15:06 of 3rd period - Deflect By Spencer Machacek.
15:06 of 3rd period - Shot Misses the Net.
15:06 of 3rd period - Puck is out of play.
15:07 of 3rd period - Stephane Da Costa wins face-off versus Darren Helm in Sasquatch zone.
15:59 of 3rd period - Slapshot by Doug Janik.
15:59 of 3rd period - Stopped by Anders Lindback without a rebound.
16:00 of 3rd period - Tyler Johnson wins face-off versus Konstantin Pushkarev in Sasquatch zone.
16:00 of 3rd period - Tyler Johnson is hit by Jordan LaVallee.
16:12 of 3rd period - Snap shot by Jakub Voracek.
16:12 of 3rd period - Shot Misses the Net.
16:20 of 3rd period - Jordan LaVallee is hit by Tyler Johnson and loses puck.
16:31 of 3rd period - Slapshot by Oskar Osala.
16:31 of 3rd period - Shot Misses the Net.
16:33 of 3rd period - Slapshot by Joe Corvo.
16:33 of 3rd period - Deflect By Stephane Da Costa.
16:33 of 3rd period - Stopped by Brent Krahn without a rebound.
16:34 of 3rd period - T.J. Hensick wins face-off versus Kevin Porter in Demolitions zone.
16:34 of 3rd period - T.J. Hensick is hit by Matt Niskanen.
17:11 of 3rd period - Snap shot by Samuel Pahlsson.
17:11 of 3rd period - Goal by Samuel Pahlsson - Demolitions : 7 - Sasquatch : 6.
17:12 of 3rd period - Darren Helm wins face-off versus Stephane Da Costa in neutral zone.
17:46 of 3rd period - Snap shot by Daniel Paille.
17:46 of 3rd period - Shot Misses the Net.
17:48 of 3rd period - Snap shot by Kyle Cumiskey.
17:48 of 3rd period - Shot Misses the Net.
18:20 of 3rd period - Joe Corvo is hit by Corban Knight and loses puck.
18:39 of 3rd period - Snap shot by T.J. Hensick.
18:39 of 3rd period - Deflect By Daniel Paille.
18:39 of 3rd period - Stopped by Anders Lindback without a rebound.
18:40 of 3rd period - T.J. Hensick wins face-off versus Kevin Porter in Sasquatch zone.
18:45 of 3rd period - Wrist shot by Daniel Paille.
18:45 of 3rd period - Shot Misses the Net.
18:57 of 3rd period - Slapshot by Matt Niskanen.
18:57 of 3rd period - Stopped by Brent Krahn with a rebound.
18:59 of 3rd period - Wrist shot by Jakub Voracek.
18:59 of 3rd period - Stopped by Brent Krahn without a rebound.
19:00 of 3rd period - Dave Tippett call a timeout for Sasquatch.
19:00 of 3rd period - T.J. Hensick wins face-off versus D.J King in Demolitions zone.
19:00 of 3rd period - T.J. Hensick is hit by Joe Corvo.
19:06 of 3rd period - Sasquatch, Anders Lindback is pulled from the net.
19:14 of 3rd period - Snap shot by Jakub Voracek.
19:14 of 3rd period - Deflect By D.J King.
19:14 of 3rd period - Goal by D.J King - Demolitions : 7 - Sasquatch : 7.
19:14 of 3rd period - Anders Lindback from Sasquatch was sent back in the game.
19:15 of 3rd period - Stephane Da Costa wins face-off versus Darren Helm in neutral zone.
19:18 of 3rd period - Slapshot by Jake Gardiner.
19:18 of 3rd period - Stopped by Brent Krahn with a rebound.
19:26 of 3rd period - Wrist shot by Jordan LaVallee.
19:26 of 3rd period - Shot Misses the Net.
19:28 of 3rd period - Wrist shot by Konstantin Pushkarev.
19:28 of 3rd period - Shot Misses the Net.
19:30 of 3rd period - Slapshot by Kyle Cumiskey.
19:30 of 3rd period - Shot Blocked by Joe Corvo.
19:42 of 3rd period - Icing by Jake Gardiner.
19:43 of 3rd period - Stephane Da Costa wins face-off versus Brad Richardson in Sasquatch zone.
19:48 of 3rd period - Wrist shot by Brad Richardson.
19:48 of 3rd period - Shot Blocked by Kyle Clifford.
19:50 of 3rd period - Slapshot by Brad Richardson.
19:50 of 3rd period - Shot Misses the Net.
19:52 of 3rd period - Backhand shot by Anton Babchuk.
19:52 of 3rd period - Deflect By Cam Atkinson.
19:52 of 3rd period - Stopped by Anders Lindback without a rebound.
19:53 of 3rd period - Kevin Porter wins face-off versus Darren Helm in Sasquatch zone.
19:53 of 3rd period - Matt Niskanen is hit by Peter Harrold and loses puck.
Goals for this period are 5 for Demolitions vs 5 for Sasquatch.
Shots for this period are 10 for Demolitions vs 14 for Sasquatch.
Overtime #1
0:01 of 1st overtime period - Kevin Porter wins face-off versus T.J. Hensick in neutral zone.
0:08 of 1st overtime period - Snap shot by Kevin Porter.
0:08 of 1st overtime period - Shot Hit the Post.
2:24 of 1st overtime period - Darren Helm is hit by Nick Leddy and loses puck.
3:57 of 1st overtime period - Josh Bailey is hit by Robert Bortuzzo and loses puck.
4:13 of 1st overtime period - Petr Vrana is hit by Kevin Porter and loses puck.
4:33 of 1st overtime period - Icing by Anthony Stewart.
4:34 of 1st overtime period - D.J King wins face-off versus T.J. Hensick in Demolitions zone.
Goals for this period are 0 for Demolitions vs 0 for Sasquatch.
Shots for this period are 0 for Demolitions vs 0 for Sasquatch.
ShootOut
5:00 of 1st overtime period - Penalty Shot by T.J. Hensick for Demolitions.
5:00 of 1st overtime period - Wrist shot by T.J. Hensick.
5:00 of 1st overtime period - Shot Misses the Net.
5:00 of 1st overtime period - Penalty Shot by Cam Atkinson for Sasquatch.
5:00 of 1st overtime period - Backhand shot by Cam Atkinson.
5:00 of 1st overtime period - Goal by Cam Atkinson.
5:00 of 1st overtime period - Penalty Shot by Anthony Stewart for Demolitions.
5:00 of 1st overtime period - Snap shot by Anthony Stewart.
5:00 of 1st overtime period - Goal by Anthony Stewart.
5:00 of 1st overtime period - Penalty Shot by Oskar Osala for Sasquatch.
5:00 of 1st overtime period - Backhand shot by Oskar Osala.
5:00 of 1st overtime period - Stopped by Brent Krahn.
5:00 of 1st overtime period - Penalty Shot by Brad Richardson for Demolitions.
5:00 of 1st overtime period - Snap shot by Brad Richardson.
5:00 of 1st overtime period - Stopped by Anders Lindback.
5:00 of 1st overtime period - Penalty Shot by Joe Corvo for Sasquatch.
5:00 of 1st overtime period - Wrist shot by Joe Corvo.
5:00 of 1st overtime period - Stopped by Brent Krahn.
5:00 of 1st overtime period - Penalty Shot by Daniel Paille for Demolitions.
5:00 of 1st overtime period - Wrist shot by Daniel Paille.
5:00 of 1st overtime period - Goal by Daniel Paille.
5:00 of 1st overtime period - Penalty Shot by Matt Frattin for Sasquatch.
5:00 of 1st overtime period - Wrist shot by Matt Frattin.
5:00 of 1st overtime period - Goal by Matt Frattin.
5:00 of 1st overtime period - Penalty Shot by Samuel Pahlsson for Demolitions.
5:00 of 1st overtime period - Snap shot by Samuel Pahlsson.
5:00 of 1st overtime period - Stopped by Anders Lindback.
5:00 of 1st overtime period - Penalty Shot by Luke Adam for Sasquatch.
5:00 of 1st overtime period - Snap shot by Luke Adam.
5:00 of 1st overtime period - Goal by Luke Adam.
Output by the SimonT Hockey Simulator (STHS) for François Prévost -- Original Page W3C XHTML 1.0 Valid